 Dungeon Crawl Stone Soup version 0.28-a0-1629-gf728b707aa (webtiles) character file.

Game seed: 9222743907766442978

2187 oldriver the Covert (level 9, -5/79 HPs)
             Began as a Naga Venom Mage on Jan 24, 2022.
             Shot with an arrow by a centaur (9 damage)
             ... on level 6 of the Dungeon.
             The game lasted 00:14:52 (9835 turns).

oldriver the Covert (Naga Venom Mage)               Turns: 9835, Time: 00:14:52

Health: -5/79      AC:  5    Str: 11    XL:     9   Next: 33%
Magic:  4/16       EV: 11    Int: 20    God:
Gold:   296        SH:  0    Dex: 11    Spells: 10/17 levels left

rFire   . . .      SeeInvis +   r - +0 whip (freeze)
rCold   . . .      Faith    .   (no shield)
rNeg    . . .      Spirit   .   o - +0 steam dragon scales
rPois   +          Reflect  .   (no helmet)
rElec   .          Harm     .   (no cloak)
rCorr   .          Rampage  .   (no gloves)
Will    +....                   (no barding)
Stlth   ++++......              (no amulet)
HPRegen 0.23/turn               p - ring of flight
MPRegen 0.15/turn               (no ring)

@: flying, studying Slings, very slow
A: AC +3, large, see invisible, deformed body, poison resistance, slowness 2,
spit poison 1, naga tail 1
a: Spit Poison


You were on level 6 of the Dungeon.
You visited 1 branch of the dungeon, and saw 6 of its levels.

You collected 296 gold pieces.

Inventory:

Hand Weapons
 f - a +4 hand axe
 r - a +0 whip of freezing (weapon)
 s - a +3 dagger of venom
 t - a +4 whip
Missiles
 u - a throwing net
Armour
 o - +0 steam dragon scales (worn)
Magical Staves
 i - a staff of earth
Jewellery
 d - an amulet of faith
 k - a ring of fire
 p - a ring of flight (left hand)
Wands
 j - a wand of digging (4)
 m - a wand of iceblast (8)
 q - a wand of acid (11)
Scrolls
 b - a scroll of identify
 n - a scroll of noise
 v - a scroll of amnesia
Potions
 c - a potion of cancellation
 e - a potion of magic
 g - a potion of brilliance
 h - 3 potions of lignification
 l - a potion of invisibility {unknown}


   Skills:
 + Level 4.4 Fighting
 + Level 4.2 Dodging
 + Level 8.2 Stealth
 + Level 4.7 Spellcasting
 - Level 3.0 Conjurations
 - Level 1.0 Transmutations
 + Level 4.3 Air Magic
 + Level 7.3 Poison Magic


You had 10 spell levels left.
You knew the following spells:

 Your Spells              Type           Power      Damage    Failure   Level
a - Shock                 Conj/Air       76%        1d7       2%          1
b - Poisonous Vapours     Pois/Air       56%        N/A       1%          2
c - Mephitic Cloud        Conj/Pois/Air  24%        N/A       4%          3
d - Sting                 Tmut/Pois      84%        1d7       2%          1

Your spell library contained the following spells:

 Spells                   Type           Power      Damage    Failure   Level
 Spider Form              Tmut/Pois      21%        N/A       6%          3
 Swiftness                Air            22%        N/A       6%          3
 Olgreb's Toxic Radiance  Pois           34%        N/A       6%          4
 Beastly Appendage        Tmut           16%        N/A       8%          1
 Wereblood                Tmut           8%         N/A       12%         2
 Stone Arrow              Conj/Erth      20%        3d8       19%         3
 Airstrike                Air            11%        N/A       21%         4
 Animate Armour           Summ/Erth      8%         N/A       75%         4
 Lehudib's Crystal Spear  Conj/Erth      5%         10d3      100%        8


Dungeon Overview and Level Annotations

Branches:
Dungeon (6/15)
 Temple: D:4-7

Altars:
Ru

Annotations:
D:3 1 runed translucent door, jlumianski's ghost, amateur HOFi
D:5 2 transporters
D:6 1 runed translucent door, oldriver's ghost, novice NaVM


Innate Abilities, Weirdness & Mutations

Your serpentine skin is tough. (AC +3)
You have supernaturally acute eyesight. (SInv)
Armour fits poorly on your strangely shaped body.
Your system is resistant to poisons. (rPois)
You cover ground very slowly.
You can spit poison.
You have a snake-like lower body.


Message History

The centaur shoots an arrow.
The arrow hits you!
The centaur shoots an arrow.
The arrow hits you.
The centaur shoots an arrow.
The arrow hits you!
The centaur shoots an arrow.
The arrow hits you.
The centaur shoots an arrow.
The arrow hits you!
Casting: Mephitic Cloud (dangerous; 4% risk of failure)
Confirm with . or Enter, or press ? or * to list all spells.
Aiming: Poisonous Vapours (safe; 1% risk of failure)
Press: ? - help, Dir - move target, f - centaur
Aim: a centaur, wielding a +0 shortbow and quivering arrows Poisonous vapours surround the centaur!
The centaur is poisoned.
The centaur shoots an arrow.
The arrow closely misses you.
The centaur shoots an arrow.
The arrow closely misses you.
A centaur is nearby!
The centaur shoots an arrow.
The arrow hits you!
The centaur shoots an arrow.
The arrow hits you.
* * * LOW HITPOINT WARNING * * *
The centaur shoots an arrow.
The arrow closely misses you.
Casting: Poisonous Vapours (safe; 1% risk of failure)
Confirm with . or Enter, or press ? or * to list all spells.
Aiming: Poisonous Vapours (safe; 1% risk of failure)
Press: ? - help, Dir - move target, f/p - centaur
Aim: a centaur, wielding a +0 shortbow and quivering arrows (heavily wounded, poisoned) Poisonous vapours surround the centaur!
The centaur looks even sicker.
The centaur shoots an arrow.
The arrow hits you.
* * * LOW HITPOINT WARNING * * *
The centaur shoots an arrow.
The arrow completely misses you.
The centaur shoots an arrow.
The arrow hits you!
* * * LOW HITPOINT WARNING * * *
You are too injured to fight recklessly!
Casting: Poisonous Vapours (safe; 1% risk of failure)
Confirm with . or Enter, or press ? or * to list all spells.
Aiming: Shock (safe; 2% risk of failure)
Press: ? - help, Shift-Dir - straight line, f/p - centaur
Aim: a centaur, wielding a +0 shortbow and quivering arrows (severely wounded, very poisoned, 83% to hit)
Okay, then.
You feel better.
The centaur shoots an arrow.
The arrow hits you!
* * * LOW HITPOINT WARNING * * *
The centaur shoots an arrow.
The arrow hits you!
You die...

######### ##.......##
############..8...8..#####
#......##.#...........#...
#......##@#.....8..†..#...
#......##.#..>....)<..#...
#......##.#.....8.....#...
#......##.#...........#...
#...>...c.##..8...8..##...
#.......#####.......###...
#.......# #......######...
#....c..###.....#### #....
######......+..........#
#....


You could see a centaur (very poisoned).

Vanquished Creatures
  Pikel (D:4)
  Maggie (D:6)
  Prince Ribbit (D:6)
  A steam dragon (D:6)
  A water moccasin (D:6)
  An ice beast (D:6)
  A necrophage (D:5)
  3 ogres
  Blork the orc (D:6)
  4 orc priests
  A bullfrog skeleton (D:6)
  A hound (D:6)
  2 iguanas
  2 orc wizards (D:6)
  A hound skeleton (D:5)
  10 gnolls
  5 adders
  An adder skeleton (D:4)
  A dart slug (D:4)
  16 orcs
  5 ball pythons
  4 bats
  4 endoplasms
  5 giant cockroaches
  7 goblins
  10 hobgoblins
  3 jackals (D:2)
  2 quokkas
  2 frilled lizards (D:2)
  7 kobolds
  3 rats
107 creatures vanquished.

Vanquished Creatures (others)
  2 plants (D:1)
2 creatures vanquished.

Grand Total: 109 creatures vanquished

Notes
Turn   | Place    | Note
-------+----------+-------------------------------------------
     0 | D:1      | oldriver the Naga Venom Mage began the quest for the Orb.
     0 | D:1      | Reached XP level 1. HP: 15/15 MP: 3/3
   319 | D:1      | Reached XP level 2. HP: 20/24 MP: 0/5
   558 | D:1      | Found a faded altar of an unknown god.
  1282 | D:1      | Reached XP level 3. HP: 17/30 MP: 0/6
  1491 | D:2      | Learned a level 2 spell: Poisonous Vapours
  1532 | D:2      | Reached skill level 1 in Fighting
  2037 | D:2      | Noticed an ogre
  2229 | D:3      | Found a runed translucent door.
  2252 | D:3      | Noticed jlumianski's ghost (amateur HOFi)
  2534 | D:3      | Learned a level 3 spell: Mephitic Cloud
  2543 | D:3      | Reached XP level 4. HP: 38/38 MP: 3/7
  2550 | D:3      | Reached skill level 4 in Stealth
  3432 | D:3      | Learned a level 1 spell: Shock
  4030 | D:4      | Reached XP level 5. HP: 11/45 MP: 3/9
  4902 | D:4      | Noticed an ogre
  4918 | D:4      | Reached skill level 1 in Air Magic
  5163 | D:4      | Killed an ogre
  5164 | D:4      | Reached skill level 5 in Poison Magic
  5164 | D:4      | Reached XP level 6. HP: 52/52 MP: 2/10
  5305 | D:2      | Reached skill level 5 in Stealth
  5305 | D:2      | Reached skill level 1 in Conjurations
  5710 | D:4      | Noticed Pikel
  5748 | D:4      | Killed Pikel
  5749 | D:4      | Reached XP level 7. HP: 44/62 MP: 1/12
  6082 | D:4      | Reached skill level 6 in Stealth
  6664 | D:5      | Entered Level 5 of the Dungeon
  6868 | D:5      | Found a transporter.
  6991 | D:5      | Reached XP level 8. HP: 69/69 MP: 10/13
  7542 | D:5      | Found a transporter.
  8000 | D:6      | Found a sacrificial altar of Ru.
  8065 | D:6      | Noticed Maggie
  8112 | D:6      | Killed Maggie
  8113 | D:6      | Reached skill level 7 in Stealth
  8720 | D:6      | Found a runed translucent door.
  8906 | D:6      | Noticed oldriver's ghost (novice NaVM)
  8941 | D:6      | Noticed Blork the orc
  8948 | D:6      | Killed Blork the orc
  8949 | D:6      | Reached XP level 9. HP: 78/78 MP: 7/15
  9568 | D:6      | Noticed Prince Ribbit
  9608 | D:6      | Killed Prince Ribbit
  9609 | D:6      | Reached skill level 8 in Stealth
  9835 | D:6      | Shot with an arrow by a centaur

Illustrated notes

Levels and vault maps discovered:
D:1:      elethiomel_arrival_shortcut, layout_rooms,
          shapermc_ecumenical_altar_mp_ritualfount, minmay_unequal
D:2:      layout_rooms
D:3:      layout_rooms, ebering_ghost_sewer_d, minmay_misc_feat_plants
D:4:      layout_cave_pods, patterned_corridor, uniq_pikel
D:5:      gammafunk_steamed_eel, layout_gridville
D:6:      minmay_cornered_nines, layout_basic, nicolae_ru_sacrificial_ziggurat,
          hellmonk_ghost_happy_afterlife, grunt_ministairs_10,
          uniq_blork_the_orc, uniq_prince_ribbit1, uniq_maggie

Skill      XL: |  1  2  3  4  5  6  7  8  9 |
---------------+----------------------------+-----
Fighting       | 1 2 3 4 |  4.4
Dodging        | 2 3 4 |  4.2
Stealth        | 4 5 6 7 8 |  8.2
Air Magic      | 1 2 3 4 |  4.3
Poison Magic   | 5 6 7 |  7.3
Spellcasting   | 3 4 |  4.7
Conjurations   | 2 3 |  3.0
Transmutations | |  1.0

Action                   |  1- 3 |  4- 6 |  7- 9 || total
-------------------------+-------+-------+-------++-------
Melee: Short sword       |    14 |    12 |       ||    26
       Whip              |       |       |    26 ||    26
       Punch             |       |       |     1 ||     1
 Cast: Sting             |    67 |    52 |    87 ||   206
       Poisonous Vapours |     9 |    23 |    29 ||    61
       Shock             |       |     3 |    36 ||    39
       Mephitic Cloud    |       |     4 |     4 ||     8
 Abil: Spit Poison       |     4 |    11 |     9 ||    24
Evoke: Wand              |       |     1 |       ||     1
  Use: Scroll            |       |       |     7 ||     7
       Potion            |       |       |    10 ||    10
Armor: Robe              |     8 |     7 |     9 ||    24
       Skin              |       |       |    14 ||    14
Dodge: Dodged            |    34 |    15 |    47 ||    96

Table legend: (Time is in decaauts)
 A = Elapsed time spent in this place.
 B = Non-inter-level travel time spent in this place.
 C = Inter-level travel time spent in this place.
 D = Time resting spent in this place.
 E = Time spent auto-exploring this place.
 F = Levels seen in this place.
 G = Mean time per level.
                   A        B        C        D        E       F      G
               +--------+--------+--------+--------+--------+-----+--------+
         Total |  11201 |  10928 |    273 |   4726 |   4739 |   6 | 1866.8 |
       Dungeon |  11201 |  10928 |    273 |   4726 |   4739 |   6 | 1866.8 |
               +--------+--------+--------+--------+--------+-----+--------+

Top non-repeatable levels by time:
     D:4: 3247 daAuts
     D:6: 2042 daAuts
     D:1: 1674 daAuts
     D:5: 1525 daAuts
     D:3: 1359 daAuts
     D:2: 1351 daAuts
